Map: Purity and Industry LE

Players

soO

  • Race: Zerg Zerg
  • Spawn Location: 3:00

Serral - Winner!

  • Race: Zerg Zerg
  • Spawn Location: 12:00

Event: StayAtHomestory Cup #1

VOD

Have the link to the VOD?

Description

Time

  • Played on: April 11, 2020, 1:32 p.m.
  • Length: 21:19

All games in this series

Show
View Real Time Build Order
Export as new Build Order

soO Zerg 

Build Orders: Hatch First, Brood Lord Corruptor 

Get SALT Encoding   

  12  0:01  Drone  
  13  0:12  Overlord  
  13  0:17  Drone  
  14  0:31  Drone x2  
  16  0:48  Hatchery  
  15  0:51  Drone  
  15  0:55  Drone  
  17  0:58  Drone  
  18  1:09  Extractor  
  17  1:13  Spawning Pool  
  17  1:17  Drone  
  17  1:20  Drone  
  18  1:28  Drone  
  19  1:39  Drone  
  20  1:50  Drone  
  21  2:00  Queen x2, Drone  
  27  2:01  Drone  
  27  2:10  Overlord  
  27  2:11  Drone  
  27  2:12  Metabolic Boost  
  28  2:29  Drone  
  29  2:30  Drone  
  29  2:33  Hatchery  
  29  2:36  Drone  
  30  2:40  Drone  
  31  2:45  Baneling Nest  
  31  2:49  Drone  
  31  2:50  Zergling x2  
  32  2:53  Drone  
  32  2:54  Drone  
  34  3:04  Overlord  
  34  3:08  Drone x2  
  36  3:15  Overlord  
  36  3:22  Queen  
  36  3:25  Drone, Evolution Chamber  
  36  3:26  Drone x4  
  42  3:29  Zergling x2  
  43  3:35  Drone  
  43  3:39  Zergling x2  
  43  3:40  Drone  
  43  3:41  Drone  
  47  3:43  Zergling x2, Drone  
  47  3:47  Drone  
  50  3:51  Zerg Melee Weapons Level 1  
  50  3:55  Zergling x4  
  52  3:56  Drone  
  52  3:57  Overlord  
  52  3:58  Drone  
  54  4:03  Lair  
  54  4:10  Drone x3  
  54  4:12  Extractor, Overlord  
  54  4:13  Extractor  
  54  4:16  Drone x2, Roach Warren  
  56  4:18  Drone  
  56  4:24  Drone x2  
  59  4:29  Drone x2  
  59  4:30  Overlord  
  61  4:31  Overlord  
  61  4:36  Zergling x6  
  61  4:38  Drone  
  65  4:41  Roach Warren  
  65  4:44  Zergling x2  
  66  4:47  Zergling x2  
  66  4:50  Zergling x2  
  66  4:51  Zergling x6  
  66  4:52  Spine Crawler  
  69  4:53  Spine Crawler  
  69  4:54  Zergling x2  
  69  5:02  Spire, Extractor  
  69  5:05  Drone  
  67  5:07  Drone  
  67  5:08  Drone x4  
  67  5:14  Drone x2  
  74  5:15  Drone x2  
  74  5:20  Drone  
  74  5:21  Drone  
  78  5:23  Overlord  
  78  5:25  Drone x2  
  78  5:26  Extractor  
  78  5:27  Extractor  
  78  5:28  Overseer  
  78  5:31  Zergling x6  
  81  5:38  Overlord  
  81  5:40  Overlord  
  77  5:54  Zergling x12  
  82  6:03  Drone  
  82  6:04  Drone, Overlord  
  84  6:06  Overlord  
  84  6:14  Mutalisk x8  
  100  6:19  Zerg Melee Weapons Level 2  
  100  6:21  Drone x3  
  100  6:23  Drone  
  104  6:27  Drone x3  
  104  6:28  Drone  
  104  6:31  Drone  
  109  6:33  Zerg Flyer Weapons Level 1  
  108  6:48  Hatchery  
  95  6:55  Mutalisk x5  
  103  7:01  Zergling x16  
  103  7:06  Mutalisk  
  110  7:12  Mutalisk  
  110  7:14  Zergling x6  
  110  7:15  Zergling x8  
  119  7:19  Overlord  
  119  7:25  Mutalisk  
  121  7:39  Overlord  
  121  7:40  Overlord  
  119  7:49  Extractor  
  119  7:51  Extractor, Mutalisk x6  
  115  7:57  Drone x3  
  115  7:58  Drone x2  
  132  8:16  Zergling x20  
  142  8:20  Drone x2  
  142  8:21  Drone x2  
  142  8:26  Overlord x2  
  146  8:32  Hatchery  
  137  8:36  Zergling x8  
  130  8:42  Mutalisk x2  
  134  8:48  Mutalisk  
  134  8:49  Mutalisk x7  
  134  8:51  Zergling x6  
  153  9:02  Mutalisk x3  
  147  9:05  Zergling x4  
  153  9:16  Zergling x2  
  153  9:17  Zergling x8  
  158  9:25  Zerg Flyer Weapons Level 2  
  158  9:27  Infestation Pit  
  158  9:28  Drone x4  
  161  9:35  Extractor x2  
  161  9:36  Overlord x2  
  161  9:37  Overlord  
  157  9:50  Drone x3  
  157  9:51  Drone x3  
  157  9:55  Overlord  
  157  10:02  Drone  
  157  10:05  Hive  
  159  10:07  Zergling x22  
  159  10:13  Baneling x22  
  159  10:14  Baneling x6  
  169  10:15  Baneling x17  
  169  10:32  Centrifical Hooks  
  169  10:49  Overseer  
  168  11:16  Overseer x2  
  168  11:19  Zergling x28, Hatchery  
  168  11:21  Zerg Melee Weapons Level 3  
  168  11:24  Ultralisk Cavern  
  180  11:59  Baneling  
  180  12:00  Baneling x6  
  134  12:16  Chitinous Plating  
  134  12:18  Greater Spire  
  134  12:29  Corruptor x8  
  136  12:30  Corruptor x4  
  158  12:37  Corruptor x2  
  158  13:22  Drone x3  
  161  13:31  Brood Lord x14  
  161  13:32  Zerg Flyer Weapons Level 3  
  161  13:33  Overseer  
  189  13:45  Extractor  
  189  13:46  Spine Crawler  
  189  13:47  Spine Crawler  
  189  13:48  Extractor  
  185  13:57  Pneumatized Carapace  
  185  14:03  Spine Crawler  
  185  14:05  Spine Crawler x2  
  185  14:07  Zergling x10, Overlord  
  185  14:08  Overlord  
  185  14:09  Overlord  
  187  14:10  Overlord  
  187  14:16  Zergling x12  
  187  14:21  Overseer  
  187  14:22  Overseer  
  154  14:37  Corruptor x10  
  126  15:00  Drone  
  126  15:01  Drone x2  
  126  15:02  Drone x3  
  126  15:03  Drone x3  
  134  15:13  Drone x3  
  135  15:23  Brood Lord x8  
  151  15:29  Drone x5  
  151  15:30  Drone  
  151  15:31  Brood Lord x2  
  151  15:34  Zergling x28  
  175  15:41  Corruptor x2  
  175  15:42  Corruptor x2  
  179  15:59  Baneling  
  179  16:00  Baneling x8  
  179  16:04  Corruptor x3, Baneling x7  
  181  16:23  Corruptor x3  
  144  16:33  Drone x2  
  121  16:59  Overseer  
  119  17:05  Drone x2  
  121  17:16  Drone  
  122  17:26  Brood Lord x6  
  122  17:27  Corruptor x5  
  142  17:46  Drone x3  
  145  17:55  Drone x2  
  147  17:59  Brood Lord  
  147  18:00  Brood Lord x4  
  154  18:23  Baneling x9  
  152  18:39  Zergling x24  
  160  18:58  Baneling x8  
  160  19:00  Ultralisk x4  
  184  19:11  Drone x2, Baneling x2  
  192  19:24  Ultralisk  
  190  19:42  Ultralisk  
  190  19:43  Overlord  
  190  19:44  Overlord  
  196  19:45  Overlord  
  196  19:47  Anabolic Synthesis  
  194  19:53  Baneling x7  
  194  19:58  Overlord  
  192  20:17  Extractor  
  192  20:19  Baneling  
  192  20:20  Baneling  
  192  20:21  Ultralisk  
  187  20:39  Ultralisk x2  
Show
View Real Time Build Order
Export as new Build Order

Serral Zerg - Winner!

Build Orders: Hatch First, Lurkers 

Get SALT Encoding   

  12  0:00  Drone  
  13  0:12  Overlord  
  13  0:17  Drone  
  14  0:30  Drone  
  14  0:31  Drone  
  16  0:49  Hatchery  
  15  0:52  Drone  
  15  0:55  Drone  
  17  0:58  Drone  
  18  1:11  Extractor  
  18  1:14  Spawning Pool  
  18  1:17  Drone  
  17  1:21  Drone  
  18  1:28  Drone  
  19  1:39  Drone  
  20  1:49  Drone  
  21  2:00  Overlord  
  21  2:01  Queen x2  
  23  2:02  Drone  
  26  2:11  Drone  
  26  2:12  Drone  
  26  2:15  Metabolic Boost  
  28  2:22  Drone x2  
  30  2:33  Hatchery  
  30  2:35  Drone  
  30  2:38  Drone  
  31  2:45  Overlord  
  31  2:49  Queen  
  33  2:51  Drone  
  33  2:54  Zergling x2  
  33  2:55  Drone  
  36  3:05  Drone  
  37  3:08  Drone  
  37  3:09  Drone x2, Overlord  
  37  3:12  Drone  
  41  3:13  Drone  
  41  3:17  Queen  
  44  3:26  Drone, Roach Warren  
  44  3:28  Zergling x2  
  44  3:29  Zergling x2  
  44  3:30  Zergling x2  
  47  3:38  Zergling x2  
  47  3:39  Zergling x2  
  47  3:41  Drone  
  50  3:45  Evolution Chamber, Overlord  
  49  3:52  Overlord  
  49  3:53  Drone x3  
  52  3:56  Drone x4  
  52  4:01  Drone x2  
  57  4:07  Overlord  
  57  4:11  Zerg Missile Weapons Level 1  
  57  4:12  Roach x2  
  57  4:15  Extractor  
  60  4:18  Roach  
  60  4:20  Drone  
  60  4:23  Drone  
  64  4:26  Drone  
  64  4:27  Extractor, Drone x2  
  64  4:30  Overlord  
  64  4:31  Zergling x6  
  68  4:36  Lair  
  68  4:41  Drone x5  
  73  4:47  Overlord  
  73  4:52  Drone x2  
  75  4:55  Extractor  
  75  4:58  Overlord  
  75  4:59  Drone x3  
  77  5:01  Drone x2  
  77  5:02  Drone x3  
  77  5:05  Roach x2  
  86  5:09  Roach x2  
  90  5:19  Extractor  
  90  5:20  Extractor  
  90  5:21  Roach x3  
  93  5:26  Evolution Chamber  
  92  5:28  Pneumatized Carapace  
  92  5:33  Drone x7  
  92  5:34  Overseer, Drone x2  
  101  5:37  Glial Reconstitution  
  101  5:39  Overlord  
  101  5:43  Overlord  
  101  5:46  Roach x2  
  101  5:48  Queen  
  101  5:49  Queen  
  102  5:58  Zerg Ground Armor Level 1  
  102  6:02  Infestation Pit  
  101  6:04  Overlord  
  101  6:06  Overlord  
  101  6:07  Zerg Missile Weapons Level 2  
  101  6:11  Spore Crawler, Queen  
  100  6:16  Overlord x2  
  103  6:18  Drone  
  103  6:20  Spore Crawler  
  103  6:21  Spore Crawler  
  103  6:23  Drone x2  
  103  6:24  Drone  
  103  6:27  Spore Crawler  
  103  6:31  Baneling Nest  
  103  6:33  Overseer  
  103  6:35  Queen  
  103  6:37  Drone x2  
  107  6:43  Roach x3  
  107  6:45  Hive  
  111  6:47  Spore Crawler  
  109  6:55  Queen  
  109  6:59  Spore Crawler  
  108  7:02  Spore Crawler  
  108  7:05  Spore Crawler, Roach x4  
  110  7:11  Queen  
  113  7:17  Overlord  
  113  7:19  Roach x2  
  113  7:20  Roach x2  
  115  7:23  Infestor  
  115  7:24  Infestor x2  
  119  7:30  Queen  
  119  7:31  Roach x4  
  119  7:35  Spore Crawler  
  128  7:39  Overlord  
  128  7:44  Spore Crawler  
  128  7:46  Queen  
  128  7:51  Drone x3  
  125  7:53  Drone x2  
  125  7:56  Queen  
  125  7:58  Infestor x2  
  128  8:01  Roach  
  128  8:02  Spore Crawler  
  133  8:07  Burrow  
  133  8:08  Roach Warren  
  132  8:16  Viper x2  
  138  8:22  Queen  
  138  8:26  Roach Warren  
  139  8:32  Queen  
  129  8:46  Spore Crawler  
  128  8:53  Spore Crawler  
  127  8:56  Viper x3, Roach x2  
  127  8:58  Queen  
  127  9:00  Overlord  
  135  9:05  Overlord  
  135  9:07  Queen  
  136  9:17  Roach x3, Queen  
  136  9:18  Overlord  
  136  9:21  Drone x2  
  136  9:23  Spore Crawler  
  145  9:27  Spore Crawler, Drone  
  145  9:28  Drone  
  145  9:29  Roach x3  
  145  9:30  Hydralisk Den  
  151  9:33  Queen  
  153  9:43  Queen  
  149  9:47  Roach x5  
  149  9:50  Overlord  
  157  9:53  Roach x11  
  157  9:56  Viper  
  157  9:57  Infestor x2  
  162  10:01  Grooved Spines  
  162  10:02  Hydralisk x3  
  162  10:05  Overlord  
  168  10:08  Overlord  
  168  10:11  Overlord  
  168  10:13  Overlord  
  170  10:18  Hydralisk  
  170  10:19  Hydralisk x2  
  172  10:30  Lurker Den, Hydralisk  
  172  10:31  Hydralisk x2  
  177  10:39  Hydralisk x3  
  177  10:40  Hydralisk  
  185  10:47  Overlord  
  185  10:51  Zerg Missile Weapons Level 3  
  185  10:53  Overlord  
  185  11:08  Drone  
  185  11:09  Drone  
  187  11:12  Drone  
  187  11:18  Muscular Augments  
  188  11:20  Hatchery  
  188  11:21  Spore Crawler  
  186  11:28  Seismic Spines  
  186  11:29  Lurker x4  
  186  11:30  Lurker  
  192  11:32  Drone  
  192  11:33  Drone x2  
  194  11:40  Drone  
  194  11:41  Drone x3  
  194  11:45  Drone  
  194  11:46  Extractor  
  198  11:49  Extractor  
  198  11:51  Evolution Chamber  
  198  11:53  Infestor x2, Evolution Chamber  
  195  11:54  Spore Crawler  
  195  11:55  Lurker x3  
  195  11:56  Lurker  
  195  11:59  Drone  
  199  12:07  Roach x13  
  170  12:10  Hydralisk x9  
  170  12:13  Roach x20  
  172  12:17  Tunneling Claws  
  172  12:20  Overlord  
  172  12:33  Drone x3  
  172  12:35  Spore Crawler, Overlord  
  172  12:36  Overlord  
  174  12:43  Lurker x4  
  178  12:50  Evolution Chamber  
  177  12:51  Evolution Chamber  
  177  12:52  Spore Crawler  
  177  12:55  Drone x4, Evolution Chamber  
  170  12:59  Lurker x4  
  174  13:07  Drone  
  174  13:10  Adaptive Talons  
  175  13:13  Drone  
  175  13:14  Drone x2  
  176  13:20  Hydralisk x3  
  176  13:21  Hydralisk  
  184  13:27  Overlord  
  184  13:28  Overseer  
  184  13:31  Viper  
  187  13:37  Extractor, Drone  
  187  13:38  Drone  
  187  13:39  Drone x2  
  190  13:42  Spore Crawler x2  
  190  13:43  Spore Crawler, Roach x5  
  190  13:44  Hydralisk x6  
  199  13:51  Roach  
  199  13:52  Roach x4  
  199  13:57  Overlord x2  
  199  14:04  Zerg Ground Armor Level 2  
  199  14:05  Roach x2  
  199  14:06  Roach x2  
  199  14:09  Drone  
  200  14:10  Roach x2  
  200  14:11  Spore Crawler, Roach  
  200  14:12  Spore Crawler, Roach x2  
  200  14:13  Hydralisk  
  196  14:30  Hydralisk x6  
  200  14:37  Hydralisk x4  
  187  14:54  Extractor  
  187  14:56  Drone x3  
  187  14:57  Drone  
  186  15:03  Infestor  
  186  15:04  Hydralisk x6  
  186  15:06  Roach x5  
  192  15:10  Overseer  
  190  15:21  Roach x2  
  190  15:22  Roach x3  
  190  15:26  Hatchery  
  187  15:29  Overlord  
  187  15:32  Viper x3  
  196  15:41  Overseer  
  196  15:47  Viper  
  196  15:48  Hydralisk x3  
  191  16:04  Drone  
  191  16:07  Drone x2  
  191  16:08  Drone x3  
  197  16:13  Drone x2  
  197  16:14  Spore Crawler  
  198  16:24  Hydralisk x6  
  198  16:25  Spore Crawler, Extractor  
  197  16:27  Extractor  
  197  16:29  Hydralisk  
  195  16:35  Extractor, Drone x3  
  195  16:45  Lurker x4  
  194  16:50  Extractor  
  194  16:51  Drone x3  
  193  17:00  Spore Crawler  
  193  17:01  Overlord  
  192  17:02  Spore Crawler x2, Roach  
  190  17:10  Lurker  
  190  17:11  Lurker  
  189  17:15  Drone  
  189  17:16  Drone  
  189  17:17  Roach x4  
  189  17:21  Overlord  
  199  17:24  Zerg Ground Armor Level 3  
  199  17:35  Spore Crawler  
  198  17:38  Roach  
  198  17:47  Hydralisk  
  200  18:02  Hatchery  
  197  18:17  Extractor  
  197  18:18  Extractor  
  192  18:39  Hydralisk x3  
  192  18:40  Hydralisk  
  200  18:41  Hydralisk x20  
  183  18:51  Hatchery, Drone x3  
  183  18:55  Drone x5  
  188  19:01  Drone x3  
  191  19:04  Spore Crawler x2  
  191  19:06  Lurker x3, Hydralisk x4  
  200  19:20  Drone x3  
  200  19:21  Drone x2  
  200  19:26  Roach x4  
  200  19:40  Spore Crawler  
  199  19:46  Roach x4  
  199  19:56  Overseer  
  199  20:01  Lair  
  199  20:06  Spore Crawler  
  198  20:08  Spore Crawler  
  198  20:10  Viper  
  192  20:33  Lurker x5  
  197  20:41  Evolution Chamber x2  
  195  20:43  Evolution Chamber  
  195  20:46  Hydralisk  
  195  20:47  Hydralisk x3  
Tags
 
Add a new tag
Caveats
  • Supply blocks, unpowered buildings, or Contaminate may cause inaccurate times.
  • Supply counts are checked every 10 seconds.